Map: El Dorado

Players

Shen

  • Race: Zerg Zerg
  • League: Diamond
  • Spawn Location: 7:00

wootwoot - Winner!

  • Race: Protoss Protoss
  • League: Diamond
  • Spawn Location: 5:00

VOD

Have the link to the VOD?

Description

Time

  • Played on: April 2, 2025, 4:54 p.m.
  • Length: 6:57
Show
View Real Time Build Order
Export as new Build Order

Shen Zerg 

Build Orders: Hatch First 

Get SALT Encoding   

  12  0:00  Drone  
  13  0:10  Drone  
  13  0:14  Extractor  
  13  0:16  Drone  
  15  0:24  Overlord  
  15  0:42  Drone x2  
  17  0:57  Hatchery  
  17  1:00  Drone  
  17  1:02  Drone  
  18  1:14  Extractor  
  17  1:18  Spawning Pool  
  17  1:22  Drone  
  17  1:25  Drone  
  18  1:28  Drone  
  19  1:37  Overlord  
  19  1:51  Drone  
  20  2:07  Queen  
  22  2:10  Queen  
  22  2:12  Zergling x4  
  26  2:25  Drone x2  
  26  2:26  Drone  
  29  2:32  Metabolic Boost  
  29  2:38  Drone x2  
  31  2:57  Pneumatized Carapace  
  31  2:59  Hatchery  
  31  3:01  Drone  
  30  3:06  Drone x2  
  30  3:12  Spore Crawler  
  31  3:13  Spore Crawler  
  31  3:15  Drone  
  31  3:16  Drone  
  32  3:24  Overlord  
  32  3:25  Drone  
  33  3:39  Queen  
  35  3:41  Overlord  
  35  3:43  Queen  
  37  4:05  Drone  
  37  4:06  Drone x9  
  37  4:08  Extractor  
  46  4:13  Spore Crawler x2  
  43  4:24  Lair  
  42  4:38  Zergling x14  
  43  4:39  Zergling x4  
  43  4:45  Overlord  
  51  4:46  Overlord  
  51  4:50  Spore Crawler  
  50  4:57  Overlord x2  
  50  5:03  Queen  
  52  5:14  Overlord  
  52  5:19  Drone x7  
  52  5:20  Spore Crawler  
  58  5:24  Hydralisk Den  
  57  5:28  Spore Crawler, Overlord  
  56  5:35  Overlord  
  56  5:36  Overlord  
  52  5:54  Drone x2  
  52  5:55  Drone x5  
  52  5:56  Evolution Chamber  
  57  6:07  Hydralisk  
  57  6:08  Hydralisk x4  
  56  6:15  Hydralisk  
  56  6:16  Hydralisk  
  52  6:27  Hydralisk x2  
  52  6:29  Overlord  
Show
View Real Time Build Order
Export as new Build Order

wootwoot Protoss - Winner!

Build Orders: 1 Gate Expand 

Get SALT Encoding   

  12  0:00  Probe  
  13  0:12  Probe  
  14  0:19  Pylon  
  14  0:24  Probe  
  15  0:34  Probe  
  15  0:42  Probe  
  16  0:45  Gateway  
  17  0:51  Probe  
  17  0:54  Assimilator  
  18  1:03  Probe  
  19  1:15  Probe  
  20  1:38  Nexus  
  20  1:41  Cybernetics Core  
  20  1:45  Assimilator  
  20  1:48  Probe  
  21  2:02  Pylon  
  21  2:09  Probe  
  21  2:10  Adept  
  22  2:17  Stargate  
  24  2:26  Warp Gate  
  24  2:30  Shield Battery  
  24  2:33  Probe  
  25  2:46  Probe  
  26  2:52  Probe  
  26  2:58  Probe  
  28  3:01  Void Ray  
  28  3:04  Probe  
  33  3:10  Probe  
  34  3:18  Twilight Council  
  34  3:19  Probe  
  35  3:22  Probe  
  36  3:31  Probe  
  37  3:36  Probe  
  37  3:38  Pylon  
  38  3:43  Charge, Probe  
  43  3:53  Void Ray  
  43  4:03  Probe x2  
  45  4:15  Probe x2  
  47  4:26  Gateway x2  
  47  4:27  Probe  
  47  4:28  Probe  
  47  4:29  Gateway  
  47  4:31  Gateway  
  49  4:37  Gateway  
  49  4:40  Gateway  
  49  4:45  Pylon  
  49  4:48  Probe  
  51  4:58  Pylon  
  50  5:04  Gateway  
  50  5:05  Zealot  
  52  5:11  Pylon  
  52  5:22  Void Ray, Pylon  
  56  5:29  Zealot x5  
  66  5:40  Adept, Pylon x2  
  68  5:52  Zealot x2  
  68  5:53  Zealot x2  
  68  5:56  Zealot  
  78  5:58  Zealot  
  80  6:07  Zealot  
  80  6:08  Zealot  
  78  6:19  Zealot  
  78  6:20  Zealot x3  
  82  6:35  Zealot x4  
  88  6:46  Zealot x4  
Tags
 
Add a new tag
Caveats
  • Supply blocks, unpowered buildings, or Contaminate may cause inaccurate times.
  • Supply counts are checked every 10 seconds.